 Dungeon Sprint DCSS version 0.31-a0-174-g85c54bcb58 (webtiles) character file.

Game seed: 11622045335849041823

1610 rocky1 the Cleaver (level 8, -2/79 HPs)
             Began as a Minotaur Gladiator on June 15, 2023.
             Was an Initiate of Gozag.
             Slain by a rust devil (9 damage)
             ... in the Dungeon (Sprint VII: "The Pits").
             The game lasted 00:04:15 (1456 turns).

rocky1 the Cleaver (Minotaur Gladiator)             Turns: 1456, Time: 00:04:16

Health: -2/79      AC: -6    Str: 25    XL:     8   Next: 63%
Magic:  7/7        EV: 13    Int:  8    God:    Gozag
Gold:   686        SH:  0    Dex: 11    Spells: 7/7 levels left

rFire   . . .        a - +2 broad axe (elec)
rCold   . . .        (no shield)
rNeg    . . .        u - +4 scale mail
rPois   .            c - +0 hat
rElec   .            (no cloak)
rCorr   .            (no gloves)
SInv    .            t - +0 pair of boots
Will    .....        (no amulet) Stlth
                     q - +3 ring of intelligence
HPRegen 0.33/turn    j - +3 ring of strength
MPRegen 0.10/turn

%: no teleportation
@: corroded
A: horns 2, retaliatory headbutt
a: Renounce Religion, Potion Petition, Call Merchant, Bribe Branch


You were in the Dungeon.
You worshipped Gozag.
Gozag was pleased with you.
You visited 1 branch You collected 2043 gold pieces.
You spent 748 gold pieces at shops.
You paid 609 gold pieces to Gozag.

Inventory:

Hand Weapons
 a - a +2 broad axe of electrocution (weapon)
 b - the +2 executioner's axe of Crawling {heavy, rF+}
   (You bought it in a shop in the Dungeon)

   rF:        It protects you from fire.
 v - a +2 war axe of freezing
 w - a +2 dire flail of protection
Missiles
 d - 3 throwing nets (quivered)
 e - a javelin
 p - 3 silver boomerangs
Armour
 c - a +0 hat (worn)
 t - a +0 pair of boots (worn)
 u - a +4 scale mail (worn)
Jewellery
 j - a +3 ring of strength (right hand)
 q - a +3 ring of intelligence (left hand)
Scrolls
 k - a scroll of blinking
 m - 5 scrolls of amnesia
 n - a scroll of summoning
Potions
 f - 6 potions of curing
 g - 8 potions of heal wounds
 h - 2 potions of haste
 i - 4 potions of magic
 l - 2 potions of invisibility
 r - a potion of might
 s - 2 potions of brilliance
 x - a potion of mutation


   Skills:
 + Level 10.0 Fighting
 * Level 13.9(15.0) Axes
 + Level 9.5(12.9) Maces & Flails
 - Level 2.1 Throwing
 + Level 9.2 Armour
 + Level 9.3 Dodging


You had 7 spell levels left.
You didn't know any spells.
Your spell library was empty.

Dungeon Overview and Level Annotations

Branches:
Dungeon (1/1)

Altars:
Ashenzari
Cheibriados
Dithmenos
Elyvilon
Fedhas
Gozag
Hepliaklqana
Kikubaaqudgha
Makhleb
Nemelex Xobeh
Okawaru
Qazlal
Ru
Sif Muna
Trog
Uskayaw
Vehumet
Wu Jian
Xom
Yredelemnul
Zin
The Shining One
Jiyva
Lugonu

Shops:
D (


Innate Abilities, Weirdness & Mutations

You have a pair of horns on your head.
You reflexively headbutt those who attack you in melee.


Message History

Something hits you. The rust devil hits you. The rust devil corrodes you!
Something hits you.
You slash something!
You hit the rust devil but do no damage.
Something hits you. The rust devil hits you. The rust devil corrodes you!
The swamp drake breathes poison at you.
The noxious blast engulfs the rust devil but does no damage.
The yak is engulfed in noxious fumes. x2
Unknown command.
You hit the rust devil.
The rust devil is moderately wounded.
You are engulfed in noxious fumes.
You choke on the stench!
You are confused.
The rust devil hits you. The rust devil corrodes you! Something hits you.
The yak is engulfed in noxious fumes. x2
The yak completely misses the guardian mummy.
You barely miss something. You barely miss the rust devil.
You are engulfed in noxious fumes.
You choke on the stench!
You are more confused.
Something hits you!
* * * LOW HITPOINT WARNING * * *
Something hits you!
* * * LOW HITPOINT WARNING * * *
The yak is engulfed in noxious fumes.
The yak appears confused.
The rust devil misses you.
The yak is engulfed in noxious fumes.
The yak appears confused.
You feel better.
You are engulfed in noxious fumes.
You choke on the stench!
You are confused.
Something hits you!
* * * LOW HITPOINT WARNING * * *
The rust devil hits you.
* * * LOW HITPOINT WARNING * * *
The rust devil corrodes you!
The yak is engulfed in noxious fumes. x2
The yak gores the swamp drake but does no damage.
The yak gores the guardian mummy.
The yak gores itself!
You are too confused!
You feel better.
The yak seems less confused.
The yak barely misses the rust devil.
The rust devil hits you!
You die...
Your body crumbles into a pile of gold.

))#####'#####''######
))##.......##''#
))##.......##..#
.[##.......##..# #
'###...<...##..# .##
..##.......##).# ...#
..##.......##..## .....
####.......##...##kY....
..###########...@4MY....
.############...##Y.....
.#....#....##..## .....
)#....#..[[##..# ...#
.'....'....##..# .##
'#....#.[))##..# #
.#....#..))##..#
################


You could see a guardian mummy, a rust devil, 3 yaks and a swamp drake.

Vanquished Creatures
  A deep troll (D)
  An elephant (D)
  A merfolk (D)
  A black bear (D)
  A swamp drake (D)
  2 wolves (D)
  An ogre (D)
  2 scorpions (D)
  A crimson imp (D)
  An orc priest (D)
  A gnoll (D)
  An adder (D)
  An ufetubus (D)
  3 orcs (D)
  A goblin (D)
  A hobgoblin (D)
  4 jackals (D)
  2 quokkas (D)
  A ball python (D)
  2 frilled lizards (D)
  A giant cockroach zombie (D)
  A jackal skeleton (D)
  A rat (D)
32 creatures vanquished.

Vanquished Creatures (others)
  A wolf (D)
1 creature vanquished.

Grand Total: 33 creatures vanquished

Notes
Turn   | Place    | Note
-------+----------+-------------------------------------------
     0 | D        | rocky1 the Minotaur Gladiator began the quest for the Orb.
     0 | D        | Reached XP level 1. HP: 18/18 MP: 0/0
    17 | D        | Reached skill level 4 in Axes
    21 | D        | Found a bloodstained altar of Trog.
    21 | D        | Found a shimmering blue altar of Sif Muna.
    21 | D        | Found a viscous altar of Jiyva.
    21 | D        | Found a hazy altar of Hepliaklqana.
    21 | D        | Found an opulent altar of Gozag.
    22 | D        | Found a glowing golden altar of the Shining One.
    22 | D        | Found a glowing silver altar of Zin.
    22 | D        | Found a basalt altar of Yredelemnul.
    22 | D        | Found a shimmering altar of Xom.
    22 | D        | Found an ornate altar of the Wu Jian Council.
    22 | D        | Found a sacrificial altar of Ru.
    22 | D        | Found a stormy altar of Qazlal.
    22 | D        | Found an iron altar of Okawaru.
    22 | D        | Found a sparkling altar of Nemelex Xobeh.
    22 | D        | Found a burning altar of Makhleb.
    22 | D        | Found a blossoming altar of Fedhas.
    22 | D        | Found a white marble altar of Elyvilon.
    22 | D        | Found a shadowy altar of Dithmenos.
    22 | D        | Found a snail-covered altar of Cheibriados.
    25 | D        | Found a corrupted altar of Lugonu.
    25 | D        | Found a radiant altar of Vehumet.
    26 | D        | Found an ancient bone altar of Kikubaaqudgha.
    26 | D        | Found a hide-covered altar of Uskayaw.
    26 | D        | Found a broken altar of Ashenzari.
    29 | D        | Became a worshipper of Gozag Ym Sagoz the Greedy
    66 | D        | Reached skill level 1 in Maces & Flails
    75 | D        | Reached skill level 5 in Axes
    75 | D        | Reached skill level 1 in Armour
    75 | D        | Reached XP level 2. HP: 19/26 MP: 1/1
   301 | D        | Noticed a scorpion
   307 | D        | Killed a scorpion
   308 | D        | Reached skill level 6 in Axes
   308 | D        | Reached XP level 3. HP: 34/34 MP: 2/2
   308 | D        | Reached XP level 4. HP: 41/41 MP: 3/3
   311 | D        | Reached skill level 5 in Dodging
   419 | D        | Noticed a black bear
   419 | D        | Noticed an ogre
   436 | D        | Killed a black bear
   437 | D        | Reached skill level 5 in Fighting
   437 | D        | Reached skill level 8 in Axes
   437 | D        | Reached skill level 5 in Maces & Flails
   437 | D        | Reached XP level 5. HP: 50/50 MP: 4/4
   439 | D        | Killed an ogre
   440 | D        | Reached skill level 9 in Axes
   440 | D        | Reached skill level 5 in Armour
   440 | D        | Reached XP level 6. HP: 58/58 MP: 5/5
   445 | D        | Reached skill level 10 in Axes
   524 | D        | Noticed a deep troll
   531 | D        | Killed a deep troll
   532 | D        | Reached skill level 12 in Axes
   532 | D        | Reached XP level 7. HP: 25/69 MP: 6/6
  1237 | D        | Bought a glowing broad axe for 238 gold pieces
  1237 | D        | Bought a fine executioner's axe for 510 gold pieces
  1237 | D        | Identified the +2 executioner's axe of Crawling {heavy,
                  | rF+} (You bought it in a shop in the Dungeon)
  1245 | D        | Noticed a merfolk
  1247 | D        | Noticed an elephant
  1248 | D        | Reached XP level 8. HP: 78/78 MP: 7/7
  1255 | D        | Killed a merfolk
  1256 | D        | Reached skill level 13 in Axes
  1259 | D        | Killed an elephant
  1260 | D        | Reached skill level 10 in Fighting
  1440 | D        | Noticed a rust devil
  1440 | D        | Noticed a guardian mummy
  1455 | D        | HP: 1/79 [rust devil (6)]
  1456 | D        | Slain by a rust devil

Illustrated notes

Levels and vault maps discovered:
D:        pitsprint [storerooms_1, entrance_room_1, metal_vault_3, armoury_3,
          mini_pit_1, grid_room_1, main_hall_1, silver_pit, the_coven_3,
          the_vestibule_1, steel_vault_5, golden_pit, hallway_of_sentries,
          crystal_vault_2, iron_vault_5, final_vault]

Skill      XL: |  1  2  3  4  5  6  7  8 |
---------------+-------------------------+-----
Axes           | 5 6 8 9 12 13 | 13.9
Maces & Flails | 1 3 5 8 9 |  9.5
Fighting       | 3 4 5 6 8 9 10 | 10.0
Armour         | 1 3 4 5 7 8 9 |  9.2
Dodging        | 4 5 6 8 9 |  9.3
Throwing       | |  2.1

Action                     |  1- 3 |  4- 6 |  7- 9 || total
---------------------------+-------+-------+-------++-------
  Melee: War axe           |    12 |    30 |    19 ||    61
         Headbutt          |     2 |     7 |     8 ||    17
         Punch             |       |     1 |       ||     1
         Broad axe         |       |       |    22 ||    22
  Throw: Throwing net      |     1 |       |       ||     1
 Invoke: Call Merchant     |       |       |     1 ||     1
    Use: Potion            |       |     2 |     3 ||     5
   Stab: Held in net/web   |     1 |       |       ||     1
         Confused          |       |       |     1 ||     1
 Armour: Leather armour    |     2 |     3 |       ||     5
         Chain mail        |       |    15 |    17 ||    32
         Scale mail        |       |       |    11 ||    11
  Dodge: Dodged            |     7 |    17 |    29 ||    53

Table legend: (Time is in decaauts)
 A = Elapsed time spent in this place.
 B = Non-inter-level travel time spent in this place.
 C = Inter-level travel time spent in this place.
 D = Time resting spent in this place.
 E = Time spent auto-exploring this place.
 F = Levels seen in this place.
 G = Mean time per level.
                   A        B        C        D        E       F      G
               +--------+--------+--------+--------+--------+-----+--------+
         Total |   1486 |   1421 |     65 |    987 |      0 |   1 | 1486.0 |
       Dungeon |   1486 |   1421 |     65 |    987 |      0 |   1 | 1486.0 |
               +--------+--------+--------+--------+--------+-----+--------+

Top non-repeatable levels by time:
       D: 1486 daAuts
